 Seeded DCSS version 0.30.1-4-g462c640d31 (webtiles) character file.

Game seed: 6351066067085065685 (custom seed)

328 Esekla the Grave Robber (level 6, -2/32 HPs)
             Began as a Deep Elf Necromancer on Aug 21, 2023.
             Was a Follower of Vehumet.
             Slain by a gnoll
             ... wielding a +0 halberd
             ... led by a gnoll bouda
              (8 damage)
             ... on level 4 of the Dungeon.
             The game lasted 00:17:59 (2916 turns).

Esekla the Grave Robber (Deep Elf Necromancer)      Turns: 2916, Time: 00:18:00

Health: -2/32      AC:  4    Str:  5    XL:     6   Next: 25%
Magic:  2/15       EV: 13    Int: 22    God:    Vehumet [*.....]
Gold:   195        SH:  0    Dex: 15    Spells: 7/15 levels left

rFire   . . .        a - +3 dagger (speed)
rCold   . . .        (no shield)
rNeg    . . .        m - +0 robe
rPois   .            h - +0 helmet
rElec   .            (no cloak)
rCorr   .            j - +0 pair of gloves
SInv    .            (no boots)
Will    .....        (no amulet)
Stlth   +++          (no ring)
HPRegen 0.25/turn    (no ring)
MPRegen 0.14/turn

%: no passive effects
@: attractive
A: no striking features
a: Renounce Religion


You were on level 4 of the Dungeon.
You worshipped Vehumet.
Vehumet was aware of your devotion.
You visited 1 branch of the dungeon, and saw 4 of its levels.

You collected 195 gold pieces.

Inventory:

Hand Weapons
 a - a +3 dagger of speed (weapon)
 r - a +0 trident
 s - the +5 rapier of the Hero {heavy, rN+ Dex+3}
   (You found it on level 3 of the Dungeon)

   Dex:       It affects your dexterity (+3).
   rN:        It protects you from negative energy.
Missiles
 q - 8 poisoned darts (quivered)
Armour
 h - a +0 helmet (worn)
 j - a +0 pair of gloves (worn)
 m - a +0 robe (worn)
Wands
 p - a wand of roots (8)
Scrolls
 k - a scroll of enchant armour {unknown}
 l - 3 scrolls of identify {unknown}
 n - a scroll of fog {unknown}
 t - a scroll of amnesia {unknown}
 u - a scroll of immolation {unknown}
 v - a scroll of blinking {unknown}
 w - 2 scrolls of enchant weapon {unknown}
Potions
 b - a potion of magic
 c - a potion of heal wounds {unknown}
 d - a potion of ambrosia {unknown}
 e - a potion of attraction
 f - a potion of haste {unknown}
 g - 2 potions of curing {unknown}
 i - a potion of mutation {unknown}
 o - 2 potions of brilliance {unknown}


   Skills:
 + Level 2.2 Short Blades
 + Level 0.2 Throwing
 * Level 4.0 Dodging
 + Level 3.8 Stealth
 * Level 5.0 Spellcasting
 * Level 6.1 Necromancy
 * Level 0.8 Translocations


You had 7 spell levels left.
You knew the following spells:

 Your Spells              Type           Power      Damage    Failure   Level
a - Necrotise             Necr           100%       1d9       1%          1
b - Freeze                Ice            20%        1d4       10%         1
d - Vampiric Draining     Necr           32%        2d8       2%          3
t - Teleport Other        Tloc           9%         N/A       22%         3

Your spell library contained the following spells:

 Spells                   Type           Power      Damage    Failure   Level
 Animate Dead             Necr           32%        N/A       9%          4
 Lesser Beckoning         Tloc           18%        N/A       11%         2
 Gell's Gravitas          Tloc           9%         N/A       22%         3
 Agony                    Necr           32%        N/A       22%         5


Dungeon Overview and Level Annotations

Branches:
Dungeon (4/15)
 Temple: D:4-7

Altars:
Hepliaklqana
Okawaru
Qazlal
Trog
Vehumet
Zin
The Shining One

Shops:
D:2 =   D:4 (


Message History

Casting: Vampiric Draining (dangerous; 2% risk of failure)
Confirm with . or Enter, or press ? or * to list all spells.
Aiming: Vampiric Draining (dangerous; 2% risk of failure)
Press: ? - help, Shift-Dir - straight line, f - gnoll
Aim: a gnoll, wielding a +0 spear and quivering a throwing net (almost dead)
You draw life force from the gnoll!
You kill the gnoll!
Vehumet accepts your kill.
You feel life coursing into your body. The gnoll hits you with a +0 club.
Your Dodging skill increases to level 4!
Okay, then.
You barely miss the gnoll.
The gnoll is no longer moving quickly.
The gnoll hits you with a +0 whip.
You closely miss the gnoll. The gnoll barely misses you.
The gnoll closely misses you.
You hit the gnoll.
The gnoll is lightly wounded.
The gnoll hits you with a +0 club.
You closely miss the gnoll.
The gnoll is lightly wounded.
The gnoll is no longer moving quickly.
The gnoll hits you with a +0 whip.
You barely miss the gnoll.
The gnoll is lightly wounded.
The gnoll misses you.
You hit the gnoll.
The gnoll is moderately wounded.
The gnoll barely misses you.
You hit the gnoll.
The gnoll is severely wounded.
The gnoll misses you. The gnoll hits you with a +0 whip!
* * * LOW HITPOINT WARNING * * *
You hit the gnoll.
You kill the gnoll!
Vehumet accepts your kill.
You feel your power returning. The gnoll closely misses you.
Your Spellcasting skill increases to level 5!
It was a potion of attraction.
You feel attractive to monsters. The gnoll hits you but does no damage.
The gnoll hits you with a +0 halberd!
You die...

........................>.
#...............######...
.##...............### #...
..........g.........####...
..........##...............
......gg................#'#
...........................
..(......#####.............
......#.'#@#.#'....##...... .....
###gg#..##...##...... ....
#.._#_..#....#...... . ...
#########....+...... .. ..
#.._#_..#....#......
...####+#####..#..##...........
..........'.'#.#.#'..#......#..
..........###..#####...#.........
..........###..........#.........


You could see 2 gnolls.

Vanquished Creatures
  A black bear (D:2)
  A gnoll bouda (D:4)
  A hound (D:3)
  An iguana (D:2)
  6 gnolls
  4 adders
  2 dart slugs
  4 orcs
  6 ball pythons
  4 endoplasms
  8 goblins
  4 hobgoblins
  A quokka (D:1)
  4 bats
  4 frilled lizards
  5 kobolds
  A rat (D:2)
57 creatures vanquished.

Notes
Turn   | Place    | Note
-------+----------+-------------------------------------------
     0 | D:1      | Esekla the Deep Elf Necromancer began the quest for the
                  | Orb.
     0 | D:1      | Reached XP level 1. HP: 10/10 MP: 6/6
   135 | D:1      | Reached skill level 5 in Necromancy
   308 | D:4      | Found a radiant altar of Vehumet.
   312 | D:4      | Became a worshipper of Vehumet
   338 | D:4      | Found an iron altar of Okawaru.
   351 | D:4      | Found a glowing silver altar of Zin.
   538 | D:3      | Reached XP level 2. HP: 2/15 MP: 8/8
   698 | D:3      | Found a stormy altar of Qazlal.
   828 | D:2      | Noticed a black bear
  1093 | D:1      | Reached XP level 3. HP: 18/19 MP: 9/9
  1132 | D:1      | Learned a level 3 spell: Vampiric Draining
  1224 | D:1      | Reached skill level 1 in Short Blades
  1464 | D:2      | Reached XP level 4. HP: 20/24 MP: 7/11
  1483 | D:2      | Found a faded altar of an unknown god.
  1653 | D:2      | Found Renulab's Jewellery Shop.
  1672 | D:2      | Killed a black bear
  1673 | D:2      | Reached XP level 5. HP: 18/28 MP: 8/13
  1967 | D:3      | Found a hazy altar of Hepliaklqana.
  1969 | D:3      | Found a bloodstained altar of Trog.
  2027 | D:3      | Reached * piety under Vehumet
  2027 | D:3      | Offered knowledge of Freeze by Vehumet.
  2034 | D:3      | Learned a level 3 spell: Teleport Other
  2036 | D:3      | Learned a level 1 spell: Freeze
  2182 | D:3      | Identified the +5 rapier of the Hero {heavy, rN+ Dex+3}
  2523 | D:4      | Found Ponaysk's Antique Weapon Boutique.
  2723 | D:4      | Reached skill level 6 in Necromancy
  2857 | D:4      | Found a glowing golden altar of the Shining One.
  2869 | D:4      | Reached XP level 6. HP: 31/32 MP: 11/15
  2916 | D:4      | Reached skill level 5 in Spellcasting
  2916 | D:4      | Slain by a gnoll

Illustrated notes

Levels and vault maps discovered:
D:1:      sevenhm_arrival_forest_fort_small_3, layout_rooms,
          chequers_serial_rivers_room_b, minmay_misc_feat_five
D:2:      layout_loops_ring, dreamdust_ecumenical_altar_angels_and_demons,
          serial_shops, shop
D:3:      layout_basic, grunt_temple_overflow_open, minmay_misc_feat_iff
D:4:      layout_basic, nicolae_overflow_quartered_altars, serial_shops,
          nicolae_diamond_shop

Skill      XL: |  1  2  3  4  5  6 |
---------------+-------------------+-----
Necromancy     | 5 6 |  6.1
Short Blades   | 1 2 |  2.2
Dodging        | 3 4 |  4.0
Stealth        | 3 |  3.8
Spellcasting   | 4 5 |  5.0
Throwing       | |  0.2
Translocations | |  0.8

Action                     |  1- 3 |  4- 6 || total
---------------------------+-------+-------++-------
  Melee: Short sword       |    35 |       ||    35
         Unarmed           |     9 |       ||     9
         Punch             |     1 |     1 ||     2
         Dagger            |    66 |   100 ||   166
  Throw: Dart              |       |     8 ||     8
   Cast: Vampiric Draining |     5 |    11 ||    16
    Use: Scroll            |     1 |       ||     1
         Potion            |       |     1 ||     1
   Stab: Sleeping          |     5 |     3 ||     8
 Armour: Robe              |    34 |    12 ||    46
  Dodge: Dodged            |    67 |    41 ||   108
